 Dungeon Crawl Stone Soup version 0.19-a0-1895-g783e625 (webtiles) character file.

35 dobroeutro the Bolt Thrower (level 3, 0/22 HPs)
             Began as a Kobold Hunter on Oct 19, 2016.
             Slain by a crimson imp (3 damage)
             ... summoned by Natasha
             ... on level 1 of the Dungeon.
             The game lasted 00:01:38 (981 turns).

dobroeutro the Bolt Thrower (Kobold Hunter)          Turns: 981, Time: 00:01:40

Health: 0/22       AC:  3    Str: 10    XL:     3   Next: 52%
Magic:  3/3        EV: 14    Int: 12    God:
Gold:   53         SH:  0    Dex: 15    Spells: 0 memorised, 2 levels left

rFire  . . .     SeeInvis .     a - +1 hand crossbow
rCold  . . .     Gourm    .     c - +0 leather armour
rNeg   . . .     Faith    .     (shield restricted)
rPois  .         Spirit   .     (no helmet)
rElec  .         Reflect  .     (no cloak)
rCorr  .         Harm     .     (no gloves)
MR     .....                    (no boots)
Stlth  ++........               (no amulet)
                                (no ring)
                                (no ring)

@: slowed, very slow
A: carnivore 3
a: no special abilities


You were on level 1 of the Dungeon.
You were very full.

You visited 1 branch of the dungeon, and saw 2 of its levels.

You collected 53 gold pieces.

Inventory:

Hand Weapons
 a - a +1 hand crossbow (weapon)
 b - a +0 short sword
Missiles
 d - 11 bolts (quivered)
Armour
 c - a +0 leather armour (worn)
Scrolls
 e - 3 scrolls of remove curse {unknown}
 i - 2 scrolls of identify {unknown}
 m - a scroll of random uselessness {unknown}
Potions
 h - a potion of haste {unknown}
 j - a potion of heal wounds {unknown}
 k - 2 potions of curing {unknown}
 l - a potion of berserk rage {unknown}
Comestibles
 f - a meat ration
 g - a beef jerky


   Skills:
 + Level 2.8 Fighting
 * Level 2.4 Short Blades
 + Level 5.1 Crossbows
 - Level 2.4 Dodging
 - Level 1.3 Stealth


You had 2 spell levels left.
You didn't know any spells.

Dungeon Overview and Level Annotations

Branches:
Dungeon (2/15)

Altars:

Annotations:
D:1 Natasha


Innate Abilities, Weirdness & Mutations

You are small and have problems with some larger weapons.
You are carnivorous and can eat meat at any time.


Message History

The bolt hits Natasha but does no damage.
Natasha closely misses you. Natasha claws you but does no damage.
Firing (i - inventory):
d - 13 bolts (quivered)
Press: ? - help, Shift-Dir - straight line, f/p - Natasha
Aim: Natasha You shoot a bolt.
The bolt hits Natasha but does no damage.
Natasha stares at you and mumbles some strange words.
The magic dart hits you!
Firing (i - inventory):
d - 12 bolts (quivered)
Press: ? - help, Shift-Dir - straight line, f/p - Natasha
Aim: Natasha You shoot a bolt.
The bolt hits Natasha!
Natasha is almost dead.
The crimson imp blinks!
Natasha claws you but does no damage.
Natasha stares at you and mumbles some strange words.
The magic dart hits you!
* * * LOW HITPOINT WARNING * * *
The crimson imp hits you.
You die...

# ##'## #.# # ##...##
#####.#### # ##.....##
#........# # ##.......##
#..##.##.#
####.........####...#.##.#
...+.........'........##.#
####.........####......#.#
# ##.......## #.......#.#
# ##.....## #@)##...#.#
##...## #5h.......# ##'##
#.######### ########.####
#.# .....#......# #.#
####.#.#.##.# #ยง#
####.#....#.# #.#
............# #.#
####.#....#.# #.#


You could see Natasha and a crimson imp.

Vanquished Creatures
  An adder (D:2)
  A dart slug (D:1)
  A leopard gecko (D:2)
  5 goblins (D:1)
  5 hobgoblins (D:1)
  3 kobolds
  A ball python (D:2)
  A bat (D:1)
  2 frilled lizards (D:1)
  2 rats (D:1)
22 creatures vanquished.

Notes
Turn   | Place    | Note
-------+----------+-------------------------------------------
     0 | D:1      | dobroeutro the Kobold Hunter began the quest for the Orb.
     0 | D:1      | Reached XP level 1. HP: 12/12 MP: 1/1
   120 | D:1      | Reached skill level 1 in Short Blades
   204 | D:1      | Reached XP level 2. HP: 6/18 MP: 2/2
   392 | D:1      | Reached skill level 5 in Crossbows
   643 | D:1      | Reached XP level 3. HP: 20/22 MP: 3/3
   785 | D:2      | Noticed Natasha
   981 | D:1      | Slain by a crimson imp

Vault maps used:
D:1:      lightli_arrival_maybe_door_vault
D:2:      kennysheep_goblin_castle, grunt_qazlal_sundering, first_bread,
          minmay_bisected, uniq_jessica, uniq_natasha, uniq_iyjb

Skill      XL: |  1  2 |
---------------+-------+-----
Short Blades   | 1 2 |  2.4
Crossbows      | 5 |  5.1
Fighting       | |  2.8
Dodging        | |  2.4
Stealth        | |  1.3

Action                   || total
-------------------------++-------
Melee: Short sword       ||    75
 Fire: Hand crossbow     ||    11
 Stab: Sleeping          ||     3
  Eat: Chunk             ||     7
Armor: Leather armour    ||    14
Dodge: Dodged            ||    44
